 Dungeon Crawl Stone Soup version 0.31-a0-187-gba352fbbf7 (webtiles) character file.

Game seed: 12272138394003284353

43 qw the Shooter (level 3, -2/20 HPs)
             Began as a Deep Elf Hunter on June 22, 2023.
             Slain by a cerulean imp
             ... wielding a +2 spear
             ... summoned by Natasha
              (3 damage)
             ... on level 2 of the Dungeon.
             The game lasted 00:00:23 (948 turns).

qw the Shooter (Deep Elf Hunter)                     Turns: 948, Time: 00:00:24

Health: -2/20      AC:  3    Str: 10    XL:     3   Next: 37%
Magic:  5/5        EV: 12    Int: 13    God:
Gold:   25         SH:  0    Dex: 18    Spells: 2/2 levels left

rFire   . . .        Y - +1 shortbow
rCold   . . .        (shield currently unavailable)
rNeg    . . .        c - +0 leather armour
rPois   .            (no helmet)
rElec   .            (no cloak)
rCorr   .            (no gloves)
SInv    .            (no boots)
Will    .....        (no amulet)
Stlth   ++           (no ring)
HPRegen 0.23/turn    (no ring)
MPRegen 0.09/turn

%: no passive effects
@: no status effects
A: no striking features
a: no special abilities


You were on level 2 of the Dungeon.
You visited 1 branch of the dungeon, and saw 2 of its levels.

You collected 25 gold pieces.


   Skills:
 - Level 1.5 Fighting
 + Level 6.9 Ranged Weapons
 - Level 2.4 Dodging
 - Level 1.2 Stealth


You had 2 spell levels left.
You didn't know any spells.
Your spell library was empty.

Inventory:

Hand Weapons
 Y - a +1 shortbow (weapon)
Armour
 c - a +0 leather armour (worn)
Scrolls
 a - a scroll of enchant armour {unknown}
 g - 2 scrolls of identify
Potions
 f - a potion of cancellation

Dungeon Overview and Level Annotations

Branches:
Dungeon (2/15)

Altars:

Annotations:
D:2 Natasha


Message History

A ball python comes into view.
You shoot an arrow.
The arrow closely misses the ball python.
The ball python hisses angrily.
You shoot an arrow.
The arrow barely misses the ball python.
You shoot an arrow.
The arrow closely misses the ball python.
You shoot an arrow. The arrow hits the ball python.
You kill the ball python!
You now have 25 gold pieces (gained 4).
Found 5 stones.
Found a stone staircase leading down.
Found a stone staircase leading down.
a - a scroll labelled GAYZ GISE YWITINK An orc comes into view.
It is wielding a +0 hand axe.
The orc shouts!
You shoot an arrow. The arrow barely misses the orc.
You shoot an arrow. The arrow barely misses the orc.
You shoot an arrow. The arrow barely misses the orc.
You shoot an arrow. The arrow hits the orc.
The orc is heavily wounded.
Natasha, Servant of Life and Death comes into view.
The orc hits you with a +0 hand axe! The orc misses you.
You shoot an arrow. The arrow hits the orc.
You kill the orc!
You shoot an arrow. The arrow barely misses Natasha.
Natasha casts a spell.
You shoot an arrow.
The arrow closely misses the cerulean imp.
Natasha claws you!
The cerulean imp hits you with a +2 spear.
You shoot an arrow. The arrow misses Natasha.
Natasha closely misses you.
The cerulean imp hits you but does no damage.
You shoot an arrow. The arrow hits Natasha.
Natasha is lightly wounded.
Natasha claws you.
The cerulean imp hits you with a +2 spear.
You die...

#%.# #..#
#..# #
#..##.###
#.......>
#.##..###
###.......#
#>...#+#...
#5@.}# }(.
#....h###
#. ####..+
#..# ##..
... ##. ##


You could see Natasha and a cerulean imp (summoned).

Vanquished Creatures
  A gnoll (D:1)
  A dart slug (D:1)
  An orc (D:2)
  4 endoplasms (D:1)
  2 giant cockroaches (D:1)
  3 goblins
  2 kobolds (D:1)
  A quokka (D:1)
  5 ball pythons
  2 bats (D:1)
  4 frilled lizards (D:1)
  4 rats (D:1)
30 creatures vanquished.

Notes
Turn   | Place    | Note
-------+----------+-------------------------------------------
     0 | D:1      | qw the Deep Elf Hunter began the quest for the Orb.
     0 | D:1      | Reached XP level 1. HP: 12/12 MP: 3/3
     0 | D:1      | 0 ||| qw: Version: 0.3-a-9-g12657ce
     0 | D:1      | 0 ||| qw: Game counter: 2291
     0 | D:1      | 0 ||| qw: Always use a shield: true
     0 | D:1      | 0 ||| qw: God list: Okawaru
     0 | D:1      | 0 ||| qw: Allow faded altars: false
     0 | D:1      | 0 ||| qw: Do Orc after D:15 true
     0 | D:1      | 0 ||| qw: Do second Lair branch before Depths: true
     0 | D:1      | 0 ||| qw: Lair rune preference: random
     0 | D:1      | 0 ||| qw: Plans: Normal
     0 | D:1      | 0 ||| PLANNING D:1-11
   216 | D:1      | Reached XP level 2. HP: 16/16 MP: 4/4
   220 | D:1      | Reached skill level 6 in Ranged Weapons
   564 | D:1      | Reached XP level 3. HP: 14/20 MP: 5/5
   774 | D:1      | 774 ||| READING scroll labelled USEGISIWN WONU.
   778 | D:1      | 778 ||| READING scroll labelled KUNEKL VITWUOR.
   779 | D:1      | 779 ||| READING 3 scrolls labelled VUABOV MIPOE.
   780 | D:1      | 780 ||| READING scroll labelled ZUXTEN LASI.
   781 | D:1      | 781 ||| READING scroll labelled YNNO NAARIRIM.
   782 | D:1      | 782 ||| READING scroll labelled DOEHOTU NAADEU.
   783 | D:1      | 783 ||| READING scroll labelled FAOXTA BOXA.
   784 | D:1      | 784 ||| READING scroll labelled AROCYEXKET.
   785 | D:1      | 785 ||| DRINKING 2 bubbling sapphire potions.
   786 | D:1      | 786 ||| DROPPING scroll of butterflies.
   788 | D:1      | 788 ||| Stepping ~*~*~tactically~*~*~ (cloud).
   791 | D:1      | HP: 5/20 [poisoned by you (poison gas)]
   795 | D:1      | HP: 2/20 [poisoned by you (poison gas)]
   943 | D:2      | Noticed Natasha
   946 | D:2      | HP: 2/20 [cerulean imp/+2 spear[Natasha] (4)]
   948 | D:2      | Slain by a cerulean imp

Levels and vault maps discovered:
D:1:      elethiomel_arrival_quiet, layout_basic, minmay_tetromino_o2
D:2:      layout_loops_ring, serial_shops, shop_statue, shop,
          nicolae_shop_real_fake_doors, chequers_garden,
          wad_floor_pattern_untrapped, minmay_misc_feat_rugged, uniq_jessica,
          uniq_natasha

Skill      XL: |  1  2 |
---------------+-------+-----
Ranged Weapons | 6 |  6.9
Fighting       | |  1.5
Dodging        | |  2.4
Stealth        | |  1.2

Action                     || total
---------------------------++-------
   Fire: Shortbow          ||    72
    Use: Scroll            ||     8
         Potion            ||     1
 Armour: Leather armour    ||     6
  Dodge: Dodged            ||     8

Table legend:
 A = Non-vault XP
 B = Vault XP
 C = Vault XP percentage of total XP
 D = Non-vault monster count
 E = Vault monster count
 F = Vault count percentage of total count
                 A         B        C        D         E       F
            +---------+---------+-------+---------+---------+-------
      Total |      60 |       2 |   3.2 |      29 |       1 |   3.3
            +---------+---------+-------+---------+---------+-------
        D:1 |      51 |       2 |   3.8 |      24 |       1 |   4.0
        D:2 |       9 |       0 |   0.0 |       5 |       0 |   0.0
            +---------+---------+-------+---------+---------+-------
